Frizzbo, neutral female gnomish Wizard ----- --------- # ##########....| ####.........# -|-------- # |....########|.......|### -------------- |........-###### |*..| #-....>...# # |......{.....| |<.......| # --|-- ---------# ### |............| |.........## ## # # |....*.......| ---------- # # ##.............| # # ---.---------- # # ## # # # -.------- ## # ### ----f......- # # # ...@.-- -- ############ |...G| # ----.--.----- |....- # |...........| ----. ##............| --- |...........| |...........| ------------- Frizzbo the Conjurer Experience level: 3 Strength: 9 Dexterity: 12 Constitution: 14 Intelligence: 13 Wisdom: 19 Charisma: 8 Health: 0(21) Energy: 44(44) Def: 3 Gold: 493 Moves: 2020 Dungeon seed: SYe6Y0e3xttX81Jm Game ID: Frizzbo_1467038778 Your Inventory: Coins $ - 493 gold pieces Weapons a - a blessed +1 quarterstaff (alternate weapon; not wielded) f - an uncursed +2 aklys (weapon in hand) Armor e - an uncursed +0 cloak of magic resistance (being worn) n - an uncursed +0 leather armor (being worn) Comestibles m - an uncursed slime mold t - 2 uncursed food rations u - an uncursed sprig of wolfsbane Scrolls g - an uncursed scroll of identify o - an uncursed scroll of enchant armor Spellbooks b - a blessed spellbook of force bolt c - an uncursed spellbook of cause fear i - an uncursed spellbook of restore ability Potions h - an uncursed potion of confusion j - an uncursed potion of restore ability k - an uncursed potion of booze r - an uncursed potion of hallucination Rings s - an uncursed +1 ring of increase accuracy Wands d - an uncursed wand of nothing (0:5) Gems q - 2 uncursed worthless pieces of white glass y - 2 uncursed worthless pieces of yellowish brown glass Spells and supernatural/magical abilities: Name Level Category Fail Memory a - force bolt 1 attack 0% 90% c - cause fear 3 enchantment 12% 90% W - pray for help -- divine ? -- Your skills at the end: Miscellaneous Skills wands [Basic] Weapon Skills quarterstaff [Basic] crossbow [Basic] Spellcasting Skills attack spells [Basic] enchantment spells [Basic] Final Attributes: You were devoutly aligned. You were magic-protected. You had infravision. You are dead. Vanquished creatures: a gas spore 2 geckos a giant rat a yellow mold a red mold a gnome zombie 3 jackals a fox a kobold 3 newts 6 sewer rats 7 grid bugs a bat 2 lichens 31 creatures vanquished. Voluntary challenges: You used a wielded weapon 18 times, starting on turn 31. You did not use tools. You were illiterate. You never genocided any monsters. You never polymorphed an object. You never changed form. You used no wishes. You never split a pudding. You never wrote Elbereth's name. You never violated your personal moral code. Dungeon overview: The Dungeons of Doom: levels 1 to 4 Level 1 a long staircase Level 2 a fountain Level 3 an altar to Anhur, a fountain Level 4 <- You were here a fountain a long staircase History has recorded: On T:1 you entered the Dungeons of Doom to retrieve the Amulet of Yendor! On T:419 you reached level 2 of The Dungeons of Doom. On T:521 you advanced to experience level 2. On T:1045 you reached level 3 of The Dungeons of Doom. On T:1436 you advanced to experience level 3. On T:1630 you reached level 4 of The Dungeons of Doom. Score breakdown: Gold: 493 ( 49 points) Experience: 3 levels ( 200 points) Exploration: 4 levels ( 90 points) Discoveries: 1 item ( 50 points) Variety of kills: 14 monsters ( 700 points) Major goal: (nothing yet) ( 0 points) Survival: died (score multiplied by 3) Total score: 3267 Latest messages: This lichen corpse tastes terrible! You finish eating the lichen corpse. You hear a thud. You displace Taco. (2x) You hear someone counting money. (2x) You finish searching. You displace Taco. The door opens. You finish searching. You are beginning to feel hungry. You stop searching. You finish searching. Nowhere else around here can be automatically explored. You displace Taco. The door resists! (4x) The door opens. The wererat hurls a black potion! The phial crashes on your head and breaks into shards. This burns! The wererat punches you! You miss the wererat. The wererat punches you! Taco misses the wererat. The wererat punches you! You die... Final status: Goodbye Frizzbo the Wizard, killed by a wererat... You died in The Dungeons of Doom on dungeon level 4 with 3267 points, and 493 pieces of gold, after 2020 moves. You were level 3 with a maximum of 21 hit points when you died.